 Dungeon Crawl Stone Soup version 0.23-a0-582-g1b4a0ca (webtiles) character file.

45 Lavandula the Cutter (level 3, -10/21 HPs)
             Began as a Halfling Enchanter on Dec 17, 2018.
             Was an Initiate of Vehumet.
             Mangled by a crocodile (15 damage)
             ... in a sewer.
             The game lasted 00:04:20 (729 turns).

Lavandula the Cutter (Halfling Enchanter)            Turns: 729, Time: 00:04:21

Health: -10/21     AC:  2    Str: 11    XL:     3   Next: 90%
Magic:  1/1        EV: 15    Int: 14    God:    Vehumet [......]
Gold:   45         SH:  0    Dex: 16    Spells: 2/5 levels left

rFire    . . .     SeeInvis .   f - +5 dagger of Earthquakes {antimagic, Str+2 Dex+2}
rCold    . . .     Gourm    .   (shield restricted)
rNeg     . . .     Faith    .   b - +0 robe
rPois    .         Spirit   .   (no helmet)
rElec    .         Reflect  .   (no cloak)
rCorr    .         Harm     .   (no gloves)
MR       .....                  (no boots)
Stlth    ++........             (no amulet)
HPRegen  0.07/turn              e - ring of wizardry
MPRegen  0.07/turn              (no ring)

@: no status effects
A: small, mutation resistance 1
a: Renounce Religion


You were in a sewer.
You worshipped Vehumet.
Vehumet was noncommittal.
You were not hungry.

You visited 2 branches of the dungeon, and saw 5 of its levels.
You also visited: Sewer.

You collected 45 gold pieces.

Inventory:

Hand Weapons
 a - a +1 dagger
 f - the +5 dagger of Earthquakes (weapon) {antimagic, Str+2 Dex+2}
   (You found it on level 4 of the Dungeon)

   It reduces the magical energy of the wielder, and disrupts the spells and
   magical abilities of those hit.
   Natural abilities and divine invocations are not affected.
   It affects your strength (+2).
   It affects your dexterity (+2).
 i - a +0 hunting sling
Missiles
 c - 31 sling bullets
Armour
 b - a +0 robe (worn)
Jewellery
 e - a ring of wizardry (left hand)
Scrolls
 h - a scroll of identify {unknown}
 j - a scroll of remove curse {unknown}
 m - a scroll of random uselessness {unknown}
Potions
 g - 2 potions of heal wounds
 k - a potion of haste {unknown}
 l - a potion of mutation {unknown}
Comestibles
 d - 3 rations


   Skills:
 + Level 4.2 Short Blades
 - Level 2.1 Dodging
 - Level 3.2 Stealth
 - Level 1.5 Spellcasting
 - Level 2.4 Hexes


You had 2 spell levels left.
You knew the following spells:

 Your Spells              Type           Power        Failure   Level  Hunger
a - Corona                Hex            #......      4%          1    ##.....
b - Ensorcelled Hibernat  Hex/Ice        #.....       9%          2    ###....

Your spell library contained the following spells:

 Spells                   Type           Power        Failure   Level  Hunger
 Beastly Appendage        Tmut           #.....       11%         1    ##.....
 Sticks to Snakes         Tmut           #.......     16%         2    ###....
 Confuse                  Hex            #.......     12%         3    ####...
 Tukima's Dance           Hex            #.......     12%         3    ####...
 Dazzling Spray           Conj/Hex       #.....       17%         3    ####...
 Spider Form              Tmut/Pois      #.........   28%         3    ####...
 Ice Form                 Ice/Tmut       #.......     65%         4    #####..
 Blade Hands              Tmut           #.........   93%         5    ######.


Dungeon Overview and Level Annotations

Branches:
Dungeon (4/15)             Temple (1/1) D:4

Altars:
Ashenzari
Dithmenos
Fedhas
Hepliaklqana
Sif Muna
Vehumet
Yredelemnul
The Shining One

Shops:
D:4 [


Innate Abilities, Weirdness & Mutations

You are small and have problems with some larger weapons.
You are somewhat resistant to further mutation.


Message History

Ouch! That really hurt!
* * * LOW HITPOINT WARNING * * *
You aren't carrying any items that you can evoke.
Unknown command.
It was a potion of heal wounds.
You feel much better. The crocodile bites you!
Ouch! That really hurt!
* * * LOW HITPOINT WARNING * * *
Unknown command.
Casting: Ensorcelled Hibernation (safe; 9% risk of failure)
Confirm with . or Enter, or press ? or * to list all spells.
You don't have enough magic to cast that spell.
Unknown command.
You hit the crocodile.
The crocodile is almost dead.
The crocodile misses you.
You barely miss the crocodile.
The crocodile is almost dead.
The crocodile bites you!
Ouch! That really hurt!
You die...

###### #≈# ###
##....≈.## ##≈# #($
###...≈.≈....### #(≈.
$≈##≈....# #≈.≈..###
#.≈. ###...≈.#
#.....###≈≈. #.≈.≈≈≈##
##.≈..≈...≈)
###...≈.###
###.....###≈≈.
#(.##...≈.####.....###
#.≈. #$%
###..t@..≈...### #.≈.
### ###.≈..≈.### ##≈#
######## #≈# #≈# #≈#
###


You could see a crocodile.

Vanquished Creatures
  A hound (D:4)
  A ball python (Temple)
  A giant cockroach (D:1)
  3 jackals
  A quokka (D:4)
  A bat (D:1)
  A frilled lizard (D:2)
  2 goblins
  4 kobolds
  A rat (D:2)
16 creatures vanquished.

Notes
Turn   | Place    | Note
-------+----------+-------------------------------------------
     0 | D:1      | Lavandula the Halfling Enchanter began the quest for the
                  | Orb.
     0 | D:1      | Reached XP level 1. HP: 11/11 MP: 3/3
   129 | D:1      | Reached skill level 2 in Short Blades
   201 | D:3      | Reached XP level 2. HP: 13/17 MP: 2/4
   302 | D:4      | Found Pasche's Antique Armour Emporium.
   303 | D:4      | Found a glowing drain.
   324 | D:4      | Learned a level 2 spell: Ensorcelled Hibernation
   339 | D:4      | Reached skill level 3 in Short Blades
   339 | D:4      | Reached XP level 3. HP: 21/21 MP: 2/5
   345 | D:4      | Got a pitted dagger
   346 | D:4      | Identified the +5 dagger of Earthquakes {antimagic, Str+2
                  | Dex+2} (You found it on level 4 of the Dungeon)
   350 | D:4      | Found a staircase to the Ecumenical Temple.
   364 | D:4      | Reached skill level 4 in Short Blades
   371 | D:4      | Noticed a bullfrog
   375 | Temple   | Entered the Ecumenical Temple
   407 | Temple   | Became a worshipper of Vehumet
   466 | Sewer    | Entered a sewer
   711 | Sewer    | Noticed a crocodile
   729 | Sewer    | Mangled by a crocodile

Vault maps used:
D:1:      lemuel_arrival_river_ford
D:2:      minmay_razor_zed, uniq_terence
D:3:      overflow_temple_1_default, lemuel_crystal_altar, eino_tiny_chamber,
          uniq_ijyb
D:4:      lemuel_round_altar, minmay_temple_entry_sparse_star,
          gup_sewer_entry_glass, serial_shops, shop
Temple:   nicolae_temple_elliptical
Sewer:    sewer_the_crocodile

Skill      XL: |  1  2  3 |
---------------+----------+-----
Short Blades   | 2 3 4 |  4.2
Dodging        | |  2.1
Stealth        | |  3.2
Spellcasting   | |  1.5
Hexes          | |  2.4

Action                   || total
-------------------------++-------
Melee: Dagger            ||    42
 Cast: Corona            ||     4
       Ensorcelled Hiber ||     1
  Use: Scroll            ||     2
       Potion            ||     1
 Stab: Sleeping          ||     4
Armor: Robe              ||     4
Dodge: Dodged            ||    38

Table legend:
 A = Non-vault XP
 B = Vault XP
 C = Vault XP percentage of total XP
 D = Non-vault monster count
 E = Vault monster count
 F = Vault count percentage of total count
                 A         B        C        D         E       F
            +---------+---------+-------+---------+---------+-------
      Total |      57 |       8 |  12.3 |      11 |       5 |  31.2
            +---------+---------+-------+---------+---------+-------
        D:1 |       4 |       0 |   0.0 |       3 |       0 |   0.0
        D:2 |       3 |       0 |   0.0 |       3 |       0 |   0.0
        D:3 |       2 |       0 |   0.0 |       1 |       0 |   0.0
        D:4 |      46 |       0 |   0.0 |       3 |       0 |   0.0
     Temple |       2 |       0 |   0.0 |       1 |       0 |   0.0
      Sewer |       0 |       8 | 100.0 |       0 |       5 | 100.0
            +---------+---------+-------+---------+---------+-------
